 Dungeon Crawl Stone Soup version 0.25.1-2-g60ff931df9 (webtiles) character file.

Game seed: 12718934998479854709

2888 HawFromDerth the Grappler (level 9, 0/126 HPs)
             Began as a Troll Berserker on Sept 21, 2020.
             Was a Priest of Trog.
             Slain by a killer bee (2 damage)
             ... on level 6 of the Dungeon.
             The game lasted 00:07:21 (4471 turns).

HawFromDerth the Grappler (Troll Berserker)         Turns: 4471, Time: 00:07:21

Health: 0/126      AC:  7    Str: 32    XL:     9   Next: 48%
Magic:  7/7        EV: 12    Int:  3    God:    Trog [***...]
Gold:   343        SH:  0    Dex:  9    Spells: 8/8 levels left

rFire    . . .     SeeInvis .     - Unarmed
rCold    . . .     Gourm    +   (no shield)
rNeg     . . .     Faith    .   a - +1 animal skin
rPois    .         Spirit   .   (helmet restricted)
rElec    .         Reflect  .   (no cloak)
rCorr    +         Harm     .   (gloves unavailable)
MR       .....                  (boots unavailable)
Stlth    ..........             (no amulet)
HPRegen  0.71/turn              j - ring of resist corrosion
MPRegen  0.10/turn              t - ring "Cerasil" {rCorr Str+2}

@: berserking, lethally poisoned (0 -> -2), very quick
A: large, unfitting armour, claws 3, horns 2, fast metabolism 3, gourmand, low
mp 1, regeneration 1, shaggy fur 1, tough skin 3
a: Berserk, Trog's Hand, Renounce Religion


You were on level 6 of the Dungeon.
You worshipped Trog.
Trog was most pleased with you.
You were not hungry.

You visited 1 branch of the dungeon, and saw 7 of its levels.

You collected 343 gold pieces.

Inventory:

Armour
 a - a +1 animal skin (worn)
Jewellery
 f - an uncursed amulet of magic regeneration {unknown}
 j - a ring of resist corrosion (left claw)
 k - an uncursed ring of poison resistance
 t - the ring "Cerasil" (right claw) {rCorr Str+2}
   (You found it on level 6 of the Dungeon)

   [ring of resist corrosion]

   It affects your strength (+2).
   It provides partial protection from all sources of acid and corrosion.
Wands
 n - a wand of iceblast (10)
 s - a wand of paralysis (9)
 v - a wand of digging (4)
Scrolls
 d - a scroll of noise
 e - a scroll of remove curse {unknown}
 g - a scroll of fog
 h - a scroll of enchant armour
 i - a scroll of immolation {unknown}
 o - 2 scrolls of teleportation
 p - a scroll of brand weapon {unknown}
 r - a scroll of blinking
Potions
 c - a potion of flight
 l - a potion of curing
 m - 2 potions of invisibility
 q - a potion of lignification
Comestibles
 b - 12 rations


   Skills:
 + Level 3.8 Fighting
 + Level 5.9 Dodging
 + Level 1.2 Stealth
 + Level 10.9 Unarmed Combat


You had 8 spell levels left.
You didn't know any spells.
Your spell library was empty.

Dungeon Overview and Level Annotations

Branches:
Dungeon (7/15)             Temple (0/1) D:5

Altars:
Ashenzari
Xom


Innate Abilities, Weirdness & Mutations

You are too large for most types of armour.
You have claws for hands.
Your metabolism is lightning-fast.
You like to eat raw meat.
Your natural rate of healing is unusually fast.
You are covered in fur. (AC +1)
You have extremely tough skin. (AC +3)
You have a pair of horns on your head.
Your magical capacity is low. (-10% MP)


Message History

The killer bee stings you.
* * * LOW HITPOINT WARNING * * *
The killer bee stings you but does no damage.
The killer bee closely misses you. The killer bee barely misses you.
The killer bee stings you but does no damage.
The killer bee stings you.
* * * LOW HITPOINT WARNING * * *
You climb upwards.
You feel sick.
You are no longer poisoned.
There is a stone staircase leading down here.
A red film seems to cover your vision as you go berserk!
You feel yourself moving faster!
You feel mighty! The killer bee misses you. The killer bee stings you!
* * * LOW HITPOINT WARNING * * *
The killer bee barely misses you. The killer bee stings you!
* * * LOW HITPOINT WARNING * * *
You are lethally poisoned!
The killer bee poisons you! The killer bee completely misses you.
The killer bee stings you.
You die...

#...#..###.#.###.#####.#
#####..###.......# #.#####.#
#......###..##.### #.....#.#
#.###..###)....#########.#.##
#.# #......#.##.............#
#.# #.###.###.....######....#
#.# #.##.##
#...#.######....#### #.#
#..)## #.#yy...##.........#
#.# ####.##
#..@#.#............# #.#
##.###.y.y.#.##....<....#
##.##
##..#..#.##...###....####
#[..## ##...........#........#
.....###.........##...###....#
....)..).........###.####..#.#
.....###......_............#.#
#................###.####.##.#
########.#.......# #.# #.##.#


You could see 4 killer bees.

Vanquished Creatures
  Pikel (D:7)
  A hornet (D:7)
  A black bear (D:7)
  2 ice beasts
  A sky beast (D:6)
  An orc warrior (D:5)
  A slave (D:7)
  3 phantoms
  4 ogres
  4 centaurs
  2 bullfrogs
  2 scorpions (D:4)
  3 killer bees (D:7)
  2 howler monkeys
  A crimson imp (D:6)
  A hound (D:4)
  2 orc priests (D:5)
  3 orc wizards
  An iguana (D:4)
  A worker ant (D:5)
  A hound zombie (D:7)
  A hound skeleton (D:6)
  4 adders
  4 shadow imps
  2 oozes
  An adder zombie (D:5)
  2 worms
  4 dart slugs
  3 leopard geckos
  14 orcs
  3 ball pythons
  8 bats
  6 giant cockroaches
  5 goblins
  6 hobgoblins
  9 jackals
  4 quokkas
  6 frilled lizards
  A jackal skeleton (D:6)
  4 kobolds
  A quokka skeleton (D:4)
  2 rats
128 creatures vanquished.

Vanquished Creatures (others)
  2 slaves (D:7)
  A shadow imp (D:7)
3 creatures vanquished.

Grand Total: 131 creatures vanquished

Notes
Turn   | Place    | Note
-------+----------+-------------------------------------------
     0 | D:1      | HawFromDerth the Troll Berserker began the quest for the
                  | Orb.
     0 | D:1      | Reached XP level 1. HP: 22/22 MP: 0/0
   150 | D:1      | Reached XP level 2. HP: 29/29 MP: 1/1
   452 | D:1      | Reached XP level 3. HP: 36/36 MP: 2/2
   792 | D:2      | Reached ** piety under Trog
  1527 | D:3      | Reached skill level 4 in Unarmed Combat
  1527 | D:3      | Reached XP level 4. HP: 40/45 MP: 3/3
  1535 | D:3      | Gained mutation: You have a pair of small horns on your
                  | head. [potion of mutation]
  1535 | D:3      | Gained mutation: Your magical capacity is low. (-10% MP)
                  | [potion of mutation]
  1535 | D:3      | Gained mutation: You have a pair of horns on your head.
                  | [potion of mutation]
  1820 | D:4      | Reached XP level 5. HP: 39/53 MP: 3/3
  1908 | D:4      | Reached skill level 5 in Unarmed Combat
  1953 | D:4      | Noticed an ogre
  1963 | D:4      | Killed an ogre
  1963 | D:4      | Reached XP level 6. HP: 49/61 MP: 4/4
  2030 | D:4      | Reached skill level 6 in Unarmed Combat
  2096 | D:4      | Reached XP level 7. HP: 65/67 MP: 5/5
  2152 | D:4      | Reached skill level 7 in Unarmed Combat
  2265 | D:4      | Reached *** piety under Trog
  2616 | D:5      | Entered Level 5 of the Dungeon
  2660 | D:5      | Found a staircase to the Ecumenical Temple.
  2713 | D:5      | Reached XP level 8. HP: 53/75 MP: 6/6
  2817 | D:5      | Reached skill level 5 in Dodging
  2817 | D:5      | Reached skill level 8 in Unarmed Combat
  3336 | D:6      | Reached skill level 9 in Unarmed Combat
  3363 | D:6      | Found a shimmering altar of Xom.
  3609 | D:6      | Found a shattered altar of Ashenzari.
  3655 | D:6      | Got a sparkling lapis lazuli ring
  3935 | D:7      | Noticed Pikel
  4014 | D:7      | Reached XP level 9. HP: 83/83 MP: 7/7
  4019 | D:7      | Reached skill level 1 in Stealth
  4019 | D:7      | Reached skill level 10 in Unarmed Combat
  4032 | D:7      | Killed Pikel
  4144 | D:7      | Paralysed by a hornet for 3 turns
  4355 | D:7      | Identified the ring "Cerasil" {rCorr Str+2} (You found it
                  | on level 6 of the Dungeon)
  4471 | D:6      | HP: 2/126 [killer bee (9)]
  4471 | D:6      | Slain by a killer bee

Illustrated notes

Levels and vault maps discovered:
D:1:      minmay_arrival_arboretum_small, layout_loops_ring,
          minmay_strange_pillars, chequers_hall_statues_wall_a
D:2:      layout_rooms
D:3:      layout_loops_cross
D:4:      minmay_clustersquares, layout_loops_ring, st_stairs_5
D:5:      layout_rooms, minmay_temple_entry_proselytizer, first_ration,
          minmay_manual_mandibuliform
D:6:      layout_loops_ring, cheibrodos_ashenzari_chains, basic_altar,
          chequers_serial_rivers_micro_e
D:7:      layout_loops_ring, serial_shops, shop, uniq_duvessa, uniq_joseph,
          uniq_pikel, uniq_menkaure

Skill      XL: |  1  2  3  4  5  6  7  8  9 |
---------------+----------------------------+-----
Fighting       | 3 |  3.8
Unarmed Combat | 4 5 6 7 9 10 | 10.9
Dodging        | 3 4 5 |  5.9
Stealth        | 1 |  1.2

Action                   |  1- 3 |  4- 6 |  7- 9 || total
-------------------------+-------+-------+-------++-------
Melee: Unarmed           |   116 |    59 |   181 ||   356
       Punch             |     2 |     2 |     5 ||     9
       Headbutt          |       |     8 |    25 ||    33
Invok: Trog's Hand       |       |     1 |       ||     1
       Berserk           |       |       |     4 ||     4
  Use: Scroll            |       |     6 |     6 ||    12
       Potion            |       |     3 |       ||     3
 Stab: Sleeping          |     1 |       |       ||     1
  Eat: Chunk             |    19 |     6 |    21 ||    46
Armor: Animal skin       |    52 |    18 |    66 ||   136
Dodge: Dodged            |    46 |    27 |   115 ||   188
